 Dungeon Crawl Stone Soup version 0.19.0-26-g9e9c210 (webtiles) character file.

219479 KarmaPolice the Lord of Darkness (level 18, -14/140 HPs)
             Began as a Vampire Skald on Nov 22, 2016.
             Was the Champion of Kikubaaqudgha.
             Demolished by a spark wasp (15 damage)
             ... on level 3 of the Spider Nest on Nov 23, 2016.
             The game lasted 08:58:23 (81958 turns).

KarmaPolice the Lord of Darkness (Vampire Skald)   Turns: 81958, Time: 08:58:24

Health: -14/140    AC: 21    Str: 16      XL:     18   Next: 44%
Magic:  30/35      EV: 18    Int: 10 (13) God:    Kikubaaqudgha [******]
Gold:   727        SH:  8    Dex: 15 (18) Spells: 12 memorised, 2 levels left

rFire  + + +     SeeInvis +     P - +5 falchion (freeze)
rCold  + + .     Gourm    +     N - +3 troll leather armour
rNeg   + + .     Faith    .     E - +2 buckler
rPois  +         Spirit   .     (no helmet)
rElec  .         Reflect  .     S - +2 cloak of Depression {+Blink Stlth+}
rCorr  .         Harm     .     J - +2 pair of gloves
MR     +++..                    B - +2 pair of boots
Stlth  +++.......               d - amulet "Fecaurey" {Gourm MR+}
                                o - ring "Etyzxowe" {rF+++ rC+ Str+2 Int-2}
                                y - ring "Mepsa" {MR+ AC+3}

@: very slightly contaminated, regenerating, studying Shields, repel missiles
A: fangs 3, see invisible, unbreathing
a: Bat Form, Receive Corpses, Torment, Brand Weapon With Pain, Receive
Necronomicon, Renounce Religion, Evoke Blink
}: 1/15 runes: barnacled


You were on level 3 of the Spider Nest.
You worshipped Kikubaaqudgha.
Kikubaaqudgha was exalted by your worship.
You were very thirsty.

You visited 7 branches of the dungeon, and saw 33 of its levels.

You collected 3361 gold pieces.
You spent 2634 gold pieces at shops.

Inventory:

Hand Weapons
 P - a +5 falchion of freezing (weapon)
 U - the +11 spear "Keto" {flame, MR+}
   (You found it on level 1 of the Shoals)

   It has been specially enchanted to burn those struck by it, causing extra
   injury to most foes and up to half again as much damage against particularly
   susceptible opponents.
   It affects your resistance to hostile enchantments.
Armour
 B - a +2 pair of boots (worn)
 E - a +2 buckler (worn)
 J - a +2 pair of gloves (worn)
 N - a +3 troll leather armour (worn)
 S - the +2 cloak of Depression (worn) {+Blink Stlth+}
   (You found it on level 2 of the Spider Nest)

   It lets you blink.
   It makes you more stealthy.
Magical Staves
 W - an uncursed staff of conjuration
Jewellery
 d - the amulet "Fecaurey" (around neck) {Gourm MR+}
   (You found it on level 6 of the Lair of Beasts)

   [amulet of the gourmand]

   It allows you to eat raw meat even when not hungry.
   It affects your resistance to hostile enchantments.
 o - the ring "Etyzxowe" (right hand) {rF+++ rC+ Str+2 Int-2}
   (You bought it in a shop on level 1 of the Orcish Mines)

   [ring of protection from cold]

   It affects your strength (+2).
   It affects your intelligence (-2).
   It renders you almost immune to fire.
   It protects you from cold.
 y - the ring "Mepsa" (left hand) {MR+ AC+3}
   (You found it on level 12 of the Dungeon)

   [ring of protection]

   It affects your AC (+3).
   It affects your resistance to hostile enchantments.
 D - an uncursed amulet of regeneration
 V - an uncursed ring of resist corrosion
Wands
 h - a wand of polymorph (10/24)
 x - a wand of digging (7/24)
Scrolls
 e - 2 scrolls of amnesia
 g - a scroll of holy word {unknown}
 i - 2 scrolls of enchant armour
 j - 7 scrolls of enchant weapon
 n - 6 scrolls of magic mapping
 q - a scroll of silence {unknown}
 s - 9 scrolls of remove curse
 t - 5 scrolls of teleportation
 w - a scroll of identify
 F - 4 scrolls of fog
 G - 6 scrolls of recharging
 Q - 2 scrolls of brand weapon
 R - a scroll of vulnerability {unknown}
 T - 2 scrolls of summoning {unknown}
 Y - a scroll of acquirement {unknown}
Potions
 c - a potion of agility
 k - a potion of flight
 l - 5 potions of brilliance
 m - a potion of heal wounds
 p - a potion of cure mutation
 r - 10 potions of curing
 u - 2 potions of haste
 v - 3 potions of ambrosia
 z - 2 potions of might
 A - 2 potions of blood
 H - a potion of invisibility
 K - a potion of berserk rage {unknown}
 O - 3 potions of cancellation {unknown}
 Z - a potion of magic
Books
 a - a manual of Shields
 b - a book of Misfortune

   Spells                             Type                      Level
   a - Confusing Touch                Hexes                        1
   b - Confuse                        Hexes                        3
   c - Gell's Gravitas                Hexes/Translocation          3
   d - Petrify                        Transmutation/Earth          4
   e - Metabolic Englaciation         Hexes/Ice                    5
   f - Yara's Violent Unravelling     Hexes/Transmutation          5
 C - a book of Air

   Spells                             Type                      Level
   a - Shock                          Conjuration/Air              1
   b - Swiftness                      Charms/Air                   2
   c - Repel Missiles                 Charms/Air                   2
   d - Static Discharge               Conjuration/Air              3
   e - Lightning Bolt                 Conjuration/Air              5
 M - Kikubaaqudgha's Compendium of Stolen Souls
   (Kikubaaqudgha gifted it to you on level 10 of the Dungeon)

   Spells                             Type                      Level
   a - Animate Dead                   Necromancy                   4
   b - Agony                          Necromancy                   5
   c - Cigotuvi's Embrace             Necromancy                   5
   d - Dispel Undead                  Necromancy                   5
   e - Simulacrum                     Ice/Necromancy               6
 X - a book of Maledictions

   Spells                             Type                      Level
   a - Corona                         Hexes                        1
   b - Ensorcelled Hibernation        Hexes/Ice                    2
   c - Confuse                        Hexes                        3
   d - Tukima's Dance                 Hexes                        3
   e - Dazzling Spray                 Conjuration/Hexes            3


   Skills:
 - Level 12.0 Fighting
   Level 4.0(10.4) Short Blades
 + Level 13.3(13.5) Long Blades
 - Level 7.0 Armour
 + Level 9.2 Dodging
 - Level 6.0 Shields
 - Level 13.7 Spellcasting
 - Level 5.0 Conjurations
 + Level 9.8 Hexes
 - Level 4.0 Charms
 + Level 14.9 Necromancy
 - Level 10.4 Ice Magic
 + Level 4.8 Air Magic
 - Level 4.4 Evocations


You had 2 spell levels left.
You knew the following spells:

 Your Spells              Type           Power        Failure   Level  Hunger
a - Infusion              Chrm           ##..         2%          1    None
b - Tukima's Dance        Hex            ####....     1%          3    #......
c - Song of Slaying       Chrm           ##......     4%          2    None
d - Regeneration          Chrm/Necr      ####......   1%          3    #......
e - Control Undead        Necr           #####.....   1%          4    ###....
f - Vampiric Draining     Necr           #####.....   1%          3    #......
g - Animate Dead          Necr           N/A          1%          4    ###....
h - Dispel Undead         Necr           #####...     1%          5    #####..
i - Agony                 Necr           #####...     1%          5    #####..
j - Throw Icicle          Conj/Ice       ###.....     6%          4    ###....
k - Repel Missiles        Chrm/Air       ###...       3%          2    None
l - Simulacrum            Ice/Necr       ####......   12%         6    ######.


Dungeon Overview and Level Annotations

Branches:
Dungeon (15/15)            Temple (1/1) D:7            Lair (6/6) D:9
 Shoals (4/4) Lair:2       Spider (4/4) Lair:2        Slime (0/5) Lair:5
    Orc (2/2) D:12            Elf (1/3) Orc:2        Vaults (0/5) D:14
 Depths (0/5) D:15

Altars:
Ashenzari
Cheibriados
Dithmenos
Elyvilon
Fedhas
Gozag
Hepliaklqana
Kikubaaqudgha
Makhleb
Nemelex Xobeh
Okawaru
Qazlal
Ru
Sif Muna
Trog
Uskayaw
Vehumet
Xom
Yredelemnul
Zin
The Shining One
Beogh
Jiyva

Shops:
D:7 [   D:9 %   D:10 }   Orc:1 !(=   Orc:2 ![[*

Annotations:
D:4 Duskembrace's ghost, amateur TeBe
Lair:3 exclusion: oklob plant


Innate Abilities, Weirdness & Mutations

You heal slowly.
You have razor-sharp teeth.
You have supernaturally acute eyesight. (SInv)
You can survive without breathing.


Message History

You feel much better. The spark wasp stings you. The spark wasp shocks you!
* * * LOW HITPOINT WARNING * * *
The spark wasp stings you.
* * * LOW HITPOINT WARNING * * *
The spark wasp shocks you!
* * * LOW HITPOINT WARNING * * *
Casting: Regeneration
Confirm with . or Enter, or press ? or * to list all spells.
Okay, then.
You feel much better. You block the spark wasp's attack.
Kikubaaqudgha delivers you corpses!
You feel somewhat more thirsty. The spark wasp stings you!
* * * LOW HITPOINT WARNING * * *
The spark wasp shocks you!
* * * LOW HITPOINT WARNING * * *
The spark wasp stings you!!
* * * LOW HITPOINT WARNING * * *
The spark wasp shocks you!
You die...
Kikubaaqudgha rasps: "You have failed me!
Welcome... oblivion!"

##...# #.........###^^..###.
#...### ##^^.........##..##.#.
##....###...........######..^.
####!.....).."....^###### #....
#..^................###.####...
#...............#^...##..# ###.
###...........=...^...#.^## #.
#.........../.#...###...# ##
##.^........†@†#...#...### ##
#...........y..^...#.....####.
##..#......#.....#........#.#.
##.....####.....#.....^...^^.
#.......................^.... #
#...>.......%...^............ ##
#^..^........#.#^......)..... ≈#
##.#.........###...#.........
≈####.....^^^#...##...^#^..#^#.#.


You could see a spark wasp.

Vanquished Creatures
  A kraken (Shoals:1)
  A frost giant (Shoals:4)
  The ghost of Mesmaeker13 the Cleaver, a journeyman DsGl of Makhleb (Orc:2)
  An orc warlord (Orc:1)
  The ghost of TotoDurand the Spear-Bearer, a journeyman NaFi of Okawaru (Orc:2)
  2 emperor scorpions
  3 ghost moths
  2 entropy weavers
  A fire dragon (D:12)
  18 merfolk impalers
  6 merfolk javelineers
  The ghost of Zorot the Fighter, a journeyman GrBe of Trog (D:12)
  8 hydras
  Harold (D:12)
  4 vault guards (D:14)
  2 satyrs
  2 merfolk avatars
  6 centaur warriors
  An ogre mage (D:14)
  6 merfolk aquamancers
  3 tengu warriors
  2 deep elf knights
  Nergalle (D:12)
  A skeletal warrior (D:15)
  11 sea snakes
  3 unseen horrors
  2 wizards
  6 hill giants
  A deep elf archer (Elf:1)
  10 harpies
  6 orb spiders
  4 lindwurms (Lair:6)
  2 orc knights
  7 ugly things
  8 manticores
  A necromancer (D:15)
  5 deep elf magi
  4 orc sorcerers
  20 wolf spiders
  18 fauns
  2 moths of wrath (Spider:3)
  4 cyclopes
  9 sirens
  13 elephants
  9 water nymphs
  2 naga magi (D:15)
  6 black mambas
  Psyche (D:9)
  Joseph (D:10)
  8 spiny frogs
  A gargoyle (D:14)
  10 kobold demonologists
  3 rime drakes
  A komodo dragon (shapeshifter) (D:14)
  8 demonic crawlers
  3 freezing wraiths (D:15)
  8 komodo dragons
  2 tengu conjurers (D:13)
  3 meliai
  4 polar bears (Lair:6)
  A queen bee (Lair:5)
  47 merfolk
  6 trolls
  4 two-headed ogres
  18 jumping spiders
  8 slime creatures
  3 wind drakes
  5 hornets
  10 hippogriffs
  5 dream sheep
  12 blink frogs
  9 snapping turtles
  A centaur simulacrum (D:15)
  7 spriggans (Lair:6)
  31 redbacks
  15 water elementals
  A vampire (D:15)
  A wyvern (D:8)
  55 yaks
  16 tarantellas
  2 basilisks
  A human (D:7)
  2 wraiths
  A human (shapeshifter) (D:13)
  A vampire mosquito (D:13)
  3 hogs (D:7)
  Grum (D:8)
  A steam dragon (D:9)
  A warg (D:12)
  7 hungry ghosts
  A mottled dragon (D:14)
  15 water moccasins
  4 black bears
  11 porcupines
  5 ice beasts
  2 sky beasts
  An eye of draining (D:12)
  A hornet zombie (D:9)
  41 orc warriors
  2 necrophages
  4 phantoms
  27 wolves
  29 centaurs
  2 elephant zombies (Lair:5)
  15 ogres
  7 boggarts
  17 crocodiles
  11 big kobolds
  A komodo dragon zombie (Lair:5)
  A gnoll sergeant (D:12)
  18 bullfrogs
  A water moccasin zombie (D:6)
  A wyvern skeleton (D:6)
  6 scorpions
  A water moccasin skeleton (D:11)
  10 wights
  34 killer bees
  An electric eel (Lair:3)
  3 howler monkeys
  6 crimson imps
  2 centaur zombies
  5 bullfrog zombies
  3 quasits
  10 hounds
  7 jellies
  6 centaur skeletons
  13 orc priests
  A bullfrog skeleton (D:12)
  4 iguanas
  31 orc wizards
  Natasha (D:4)
  9 worker ants
  3 hound zombies
  2 hound skeletons
  16 adders
  6 gnolls
  2 shadow imps
  An ooze (D:2)
  3 adder skeletons
  2 worms
  A dart slug (D:1)
  8 leopard geckos
  102 orcs
  11 giant cockroaches
  6 goblins
  3 hobgoblins (D:3)
  4 quokkas
  A ball python (D:1)
  7 bats
  6 frilled lizards
  A giant cockroach zombie (D:6)
  48 kobolds
  4 quokka skeletons
  A quokka zombie (D:8)
  2 rats
1166 creatures vanquished.

Vanquished Creatures (collateral kills)
  Roxanne (Shoals:4)
  Ilsuiw (Shoals:4)
  A frost giant (Shoals:4)
  An emperor scorpion (Spider:2)
  2 entropy weavers
  2 spark wasps
  2 merfolk javelineers
  A merfolk impaler (Shoals:3)
  A vault guard (D:14)
  A satyr (Shoals:4)
  A merfolk avatar (Shoals:4)
  A death knight (D:15)
  The ghost of Frank the Basher, a journeyman GrGl of Ru (Orc:2)
  A tengu warrior (D:13)
  A sea snake (Shoals:2)
  4 harpies
  A necromancer (Lair:5)
  9 wolf spiders
  4 orb spiders
  An ugly thing (D:12)
  3 cyclopes
  6 fauns
  8 manticores
  3 sirens
  A black mamba (Lair:6)
  A moth of wrath (Spider:2)
  3 elephants (Lair:6)
  A molten gargoyle (D:13)
  4 spiny frogs
  4 water nymphs
  A kobold demonologist (D:12)
  2 komodo dragons
  2 centaur skeletons (D:15)
  4 demonic crawlers
  A troll (D:13)
  7 jumping spiders
  11 merfolk
  2 wind drakes (Shoals:2)
  4 snapping turtles
  2 hippogriffs (Shoals:2)
  4 slime creatures
  2 dream sheep
  9 blink frogs
  5 spriggans (Lair:6)
  A water elemental (Shoals:2)
  A wyvern (Lair:5)
  24 redbacks
  8 tarantellas
  A yak (Lair:6)
  A basilisk (Lair:2)
  A mottled dragon (D:13)
  2 water moccasins
  A porcupine (Lair:4)
  2 black bears
  3 orc warriors
  A centaur (Orc:2)
  3 wolves
  3 crocodiles
  A big kobold (D:15)
  2 bullfrogs
  6 killer bees
  2 electric eels
  A basilisk zombie (Lair:5)
  A jelly (D:12)
  A gnoll (D:12)
  An orc (Orc:2)
  3 fungi
  4 plants
201 creatures vanquished.

Vanquished Creatures (others)
  A water nymph (Shoals:4)
  20 dancing weapons
  14 fungi
  20 plants
  21 tentacles (Shoals:1)
76 creatures vanquished.

Grand Total: 1443 creatures vanquished

Notes
Turn   | Place    | Note
-------+----------+-------------------------------------------
     0 | D:1      | KarmaPolice the Vampire Skald began the quest for the Orb.
     0 | D:1      | Reached XP level 1. HP: 16/16 MP: 3/3
   247 | D:1      | Reached XP level 2. HP: 21/22 MP: 5/5
   277 | D:1      | Learned a level 2 spell: Shroud of Golubria
   280 | D:1      | Learned a level 2 spell: Song of Slaying
  1124 | D:2      | Reached XP level 3. HP: 23/27 MP: 4/6
  1466 | D:2      | Reached XP level 4. HP: 30/34 MP: 0/7
  1532 | D:2      | Learned a level 3 spell: Regeneration
  2548 | D:3      | Reached XP level 5. HP: 33/40 MP: 1/9
  2782 | D:3      | Reached skill level 1 in Necromancy
  3104 | D:3      | Reached skill level 2 in Necromancy
  3208 | D:3      | Reached XP level 6. HP: 47/47 MP: 0/11
  3489 | D:5      | Entered Level 5 of the Dungeon
  3561 | D:4      | Noticed Duskembrace's ghost (amateur TeBe)
  4099 | D:4      | Noticed Natasha
  4626 | D:4      | Killed Natasha
  4626 | D:4      | Reached skill level 3 in Necromancy
  4730 | D:4      | Reached XP level 7. HP: 52/52 MP: 3/12
  5263 | D:5      | Reached skill level 4 in Necromancy
  5431 | D:5      | Reached skill level 5 in Long Blades
  5540 | D:5      | Reached XP level 8. HP: 34/61 MP: 2/15
  5784 | D:5      | Paralysed by a crimson imp for 6 turns
  6232 | D:5      | Reached skill level 5 in Spellcasting
  6566 | D:6      | Reached skill level 5 in Necromancy
  6585 | D:6      | Reached skill level 5 in Fighting
  7751 | D:6      | Reached XP level 9. HP: 45/68 MP: 5/17
  8031 | D:6      | Reached skill level 6 in Necromancy
  8694 | D:7      | Found Urhoukh's Armour Emporium.
  9329 | D:7      | Found a staircase to the Ecumenical Temple.
  9337 | Temple   | Entered the Ecumenical Temple
  9595 | Temple   | Became a worshipper of Kikubaaqudgha
  9705 | D:7      | Reached skill level 1 in Short Blades
  9858 | D:8      | Reached skill level 7 in Necromancy
 10634 | D:7      | Reached XP level 10. HP: 72/77 MP: 0/20
 11325 | D:8      | Noticed Grum
 11623 | D:8      | Reached * piety under Kikubaaqudgha
 11623 | D:8      | Identified Kikubaaqudgha's Compendium of Necromancy (Kikubaaqudgha gifted it to you on level 8 of the Dungeon)
 11623 | D:8      | Received a gift from Kikubaaqudgha
 12782 | D:8      | Reached skill level 8 in Necromancy
 13519 | D:8      | Killed Grum
 13653 | D:9      | Reached ** piety under Kikubaaqudgha
 14328 | D:10     | Entered Level 10 of the Dungeon
 14435 | D:9      | Noticed Psyche
 14577 | D:8      | Reached XP level 11. HP: 68/86 MP: 8/23
 14867 | D:8      | Reached skill level 1 in Armour
 15149 | D:8      | Learned a level 4 spell: Control Undead
 15279 | D:9      | Noticed a green ugly thing
 15770 | D:10     | Noticed Joseph
 15785 | D:10     | Learned a level 3 spell: Vampiric Draining
 15809 | D:10     | Killed Joseph
 15809 | D:10     | Reached skill level 9 in Necromancy
 15917 | D:10     | Found Gaynerph's Gadget Emporium.
 15928 | D:11     | Noticed a centaur warrior
 16238 | D:10     | Reached *** piety under Kikubaaqudgha
 16238 | D:10     | Identified Kikubaaqudgha's Compendium of Stolen Souls (Kikubaaqudgha gifted it to you on level 10 of the Dungeon)
 16238 | D:10     | Received a gift from Kikubaaqudgha
 16250 | D:10     | Learned a level 4 spell: Animate Dead
 16256 | D:10     | Learned a level 5 spell: Dispel Undead
 16449 | D:11     | Killed a centaur warrior
 16967 | D:11     | Noticed a hill giant
 17355 | D:12     | Noticed Zorot's ghost (journeyman GrBe)
 17360 | D:12     | Noticed a green ugly thing
 17528 | D:11     | Found a stormy altar of Qazlal.
 17528 | D:11     | Noticed an eight-headed hydra
 18495 | D:12     | Noticed Nergalle
 18723 | D:12     | Killed Nergalle
 18723 | D:12     | Reached **** piety under Kikubaaqudgha
 18801 | D:12     | Found a staircase to the Orcish Mines.
 18848 | D:12     | Noticed a seven-headed hydra
 19491 | D:12     | Noticed Harold
 19533 | D:12     | Noticed a wizard
 19714 | D:12     | Noticed a hill giant
 20074 | D:13     | Noticed a centaur warrior
 20090 | D:13     | Killed a centaur warrior
 20090 | D:13     | Reached skill level 10 in Necromancy
 20608 | D:12     | Learned a level 5 spell: Agony
 20897 | D:12     | Killed a hill giant
 20925 | D:12     | Reached XP level 12. HP: 76/94 MP: 5/25
 21758 | D:12     | Killed Zorot's ghost
 22000 | D:13     | Noticed a tengu warrior
 22001 | D:13     | Noticed a tengu warrior
 22544 | D:13     | Noticed a centaur warrior
 22552 | D:13     | Killed a centaur warrior
 22886 | D:12     | Reached skill level 10 in Spellcasting
 23407 | D:9      | Reached skill level 5 in Dodging
 23794 | D:9      | Killed Psyche
 24073 | D:9      | Found Weheuppyrgh's Food Shoppe.
 24264 | D:9      | Found a staircase to the Lair.
 24291 | Lair:1   | Entered Level 1 of the Lair of Beasts
 24535 | Lair:1   | Reached skill level 11 in Necromancy
 25396 | Lair:2   | Found a staircase to the Shoals.
 25879 | Lair:2   | Found a hole to the Spider Nest.
 26058 | Lair:2   | Reached ***** piety under Kikubaaqudgha
 26532 | Lair:3   | Found a glowing silver altar of Zin.
 26673 | Lair:3   | Reached skill level 5 in Armour
 27026 | D:11     | Reached XP level 13. HP: 99/99 MP: 17/27
 27416 | D:12     | Killed Harold
 28089 | D:12     | Got a smoking iron ring
 28100 | D:12     | Identified the ring "Mepsa" {MR+ AC+3} (You found it on level 12 of the Dungeon)
 28157 | D:12     | Noticed a fire dragon
 29319 | Lair:3   | Reached skill level 10 in Long Blades
 30162 | Lair:4   | Reached skill level 1 in Evocations
 30183 | Lair:4   | Reached skill level 1 in Shields
 30395 | Lair:4   | Learned a level 4 spell: Throw Icicle
 30625 | Lair:4   | Reached skill level 1 in Ice Magic
 31059 | Lair:5   | Found a viscous altar of Jiyva.
 31059 | Lair:5   | Found a staircase to the Slime Pits.
 31092 | Lair:6   | Entered Level 6 of the Lair of Beasts
 32902 | Lair:6   | Reached ****** piety under Kikubaaqudgha
 33553 | Lair:5   | Reached XP level 14. HP: 81/106 MP: 2/29
 33738 | Lair:6   | Reached skill level 12 in Necromancy
 35332 | Lair:6   | Reached skill level 1 in Conjurations
 35809 | Lair:6   | Got a heavily runed marble ring
 36219 | Lair:6   | Reached skill level 5 in Ice Magic
 36502 | Lair:6   | Reached skill level 5 in Shields
 36897 | Lair:6   | Identified the ring "Liocw" {Ice MR- Dex+6 SInv Stlth+} (You found it on level 6 of the Lair of Beasts)
 37427 | Lair:6   | Got a scintillating steel amulet
 37437 | Lair:6   | Identified the amulet "Fecaurey" {Gourm MR+} (You found it on level 6 of the Lair of Beasts)
 39256 | Orc:1    | Entered Level 1 of the Orcish Mines
 39377 | D:12     | Learned a level 2 spell: Repel Missiles
 39694 | Orc:2    | Entered Level 2 of the Orcish Mines
 39715 | Orc:2    | Found a roughly hewn altar of Beogh.
 39736 | Orc:1    | Noticed an orc warlord
 39757 | Orc:2    | Noticed TotoDurand's ghost (journeyman NaFi)
 40506 | D:12     | Reached skill level 13 in Necromancy
 42090 | D:13     | Reached XP level 15. HP: 112/112 MP: 15/30
 43340 | D:14     | Got a pitted trident
 44092 | D:14     | Found an opulent altar of Gozag.
 45037 | D:15     | Entered Level 15 of the Dungeon
 45890 | D:15     | Found a staircase to the Depths.
 46149 | D:15     | Found an opulent altar of Gozag.
 47110 | Orc:1    | Killed an orc warlord
 47329 | Orc:2    | Noticed Mesmaeker13's ghost (journeyman DsGl)
 47441 | Orc:2    | Noticed Frank's ghost (journeyman GrGl)
 47448 | Orc:2    | Killed Frank's ghost
 47471 | Orc:2    | Killed Mesmaeker13's ghost
 47582 | Orc:2    | Killed TotoDurand's ghost
 47736 | Orc:1    | Found Dicuirph's Distillery.
 47745 | Orc:1    | Bought a potion of curing for 42 gold pieces
 47745 | Orc:1    | Bought a potion of degeneration for 14 gold pieces
 47745 | Orc:1    | Bought a potion of flight for 42 gold pieces
 47974 | Orc:1    | Found Ysaby's Jewellery Emporium.
 47984 | Orc:1    | Found Rewyog's Weapon Shop.
 48279 | Orc:2    | Reached skill level 10 in Fighting
 49195 | Orc:2    | Found a staircase to the Elven Halls.
 49458 | Orc:2    | Found Min Meidil's Armour Shoppe.
 49458 | Orc:2    | Found Inenwuecs's Antique Armour Shop.
 49498 | Orc:2    | Found Decw's Distillery.
 49500 | Orc:2    | Found Joezet's Assorted Antiques.
 49505 | Orc:2    | Bought a potion of mutation for 40 gold pieces
 49755 | Orc:1    | Bought the ring "Etyzxowe" {rF+++ rC+ Str+2 Int-2} for 938 gold pieces
 49799 | Orc:2    | Bought a scroll of teleportation for 66 gold pieces
 49802 | Orc:2    | Bought a pair of runed boots for 294 gold pieces
 49828 | Orc:2    | Bought a potion of heal wounds for 80 gold pieces
 49828 | Orc:2    | Bought a potion of heal wounds for 80 gold pieces
 49828 | Orc:2    | Bought a potion of cure mutation for 400 gold pieces
 49828 | Orc:2    | Bought a potion of haste for 160 gold pieces
 49828 | Orc:2    | Bought a potion of magic for 128 gold pieces
 49828 | Orc:2    | Bought a potion of agility for 64 gold pieces
 49828 | Orc:2    | Bought a potion of agility for 64 gold pieces
 49848 | Orc:2    | Bought a potion of heal wounds for 110 gold pieces
 49949 | Orc:1    | Bought a potion of invisibility for 112 gold pieces
 50138 | Shoals:1 | Entered Level 1 of the Shoals
 50304 | Shoals:1 | Learned a level 3 spell: Tukima's Dance
 50445 | Shoals:1 | Got a brightly glowing spear
 50539 | Shoals:1 | Noticed a kraken
 50602 | Shoals:1 | Reached skill level 1 in Hexes
 50968 | Shoals:1 | Got a warped chain mail
 51184 | Shoals:1 | Killed a kraken
 51184 | Shoals:1 | Reached XP level 16. HP: 97/123 MP: 2/32
 51515 | Shoals:1 | Identified the cursed +0 trident of Syomm {elec, rC+} (You found it on level 14 of the Dungeon)
 51526 | Shoals:1 | Identified the +1 chain mail of Ganishrixa {rElec Int+6 Dex-3} (You found it on level 1 of the Shoals)
 53805 | Shoals:3 | Reached skill level 5 in Hexes
 57750 | Shoals:4 | Entered Level 4 of the Shoals
 57750 | Shoals:4 | Noticed Ilsuiw
 57756 | Shoals:4 | Noticed Roxanne
 59008 | Spider:1 | Entered Level 1 of the Spider Nest
 60568 | Spider:2 | Got a distressingly furry cloak
 60790 | Spider:2 | Identified the +2 cloak of Depression {+Blink Stlth+} (You found it on level 2 of the Spider Nest)
 61782 | D:7      | Identified the +11 spear "Keto" {flame, MR+} (You found it on level 1 of the Shoals)
 62292 | Elf:1    | Entered Level 1 of the Elven Halls
 62404 | Elf:1    | Reached XP level 17. HP: 103/131 MP: 31/34
 64124 | D:14     | Reached skill level 5 in Conjurations
 64498 | D:14     | Found a gate to the Vaults.
 65549 | Spider:2 | Learned a level 6 spell: Simulacrum
 67705 | Shoals:4 | Killed Roxanne
 67813 | Shoals:4 | Killed Ilsuiw
 68531 | Shoals:4 | Reached skill level 14 in Necromancy
 70134 | Shoals:4 | Reached skill level 10 in Ice Magic
 70398 | Shoals:4 | Reached skill level 1 in Air Magic
 71056 | Shoals:4 | Got a barnacled rune of Zot
 73118 | Shoals:4 | Reached XP level 18. HP: 121/140 MP: 6/35
 75399 | Spider:3 | Upgraded the game from 0.19.0-24-gb05acd6 to 0.19.0-26-g9e9c210
 76227 | Spider:4 | Entered Level 4 of the Spider Nest
 79082 | Spider:4 | Got a jasper-encrusted plate armour
 79542 | Lair:2   | Identified the +4 plate armour of Xel Zuih {+Fly rPois Str-4} (You found it on level 4 of the Spider Nest)
 81958 | Spider:3 | HP: 1/140 [spark wasp (25)]
 81958 | Spider:3 | Demolished by a spark wasp

Skill      XL: |  1  2  3  4  5  6  7  8  9 10 11 12 13 14 15 16 17 18 |
---------------+-------------------------------------------------------+-----
Fighting       | 2 3 4 5 6 8 10 11 12 | 12.0
Charms         | 4 |  4.0
Long Blades    | 3 4 5 6 8 9 10 11 12 13 | 13.3
Spellcasting   | 3 4 5 6 8 9 10 11 12 13 | 13.7
Necromancy     | 2 3 4 5 7 8 10 11 13 14 | 14.9
Short Blades   | 2 4 |  4.0
Dodging        | 4 6 8 9 |  9.2
Armour         | 4 5 7 |  7.0
Evocations     | 3 4 |  4.4
Shields        | 3 6 |  6.0
Ice Magic      | 3 6 9 10 | 10.4
Conjurations   | 3 4 5 |  5.0
Hexes          | 3 8 9 |  9.8
Air Magic      | 2 4 |  4.8

Action                   |  1- 3 |  4- 6 |  7- 9 | 10-12 | 13-15 | 16-18 || total
-------------------------+-------+-------+-------+-------+-------+-------++-------
Melee: Falchion          |   112 |   202 |    35 |   549 |  2016 |  2003 ||  4917
       Bite              |     9 |    28 |    69 |   152 |   324 |   312 ||   894
       Unarmed           |       |    20 |    21 |    21 |    19 |    15 ||    96
       Dagger            |       |    19 |   481 |   447 |       |       ||   947
       Short sword       |       |       |       |   110 |       |       ||   110
       Spear             |       |       |       |       |       |    53 ||    53
 Cast: Infusion          |     3 |    20 |    51 |    83 |    51 |    93 ||   301
       Song of Slaying   |     2 |     2 |     4 |    11 |     8 |     2 ||    29
       Shroud of Golubri |     3 |    15 |    29 |    56 |    42 |       ||   145
       Regeneration      |       |    11 |    37 |   107 |   111 |   211 ||   477
       Animate Dead      |       |       |       |    32 |   105 |   111 ||   248
       Dispel Undead     |       |       |       |    14 |    19 |       ||    33
       Vampiric Draining |       |       |       |    10 |     4 |    57 ||    71
       Agony             |       |       |       |    29 |   194 |   198 ||   421
       Control Undead    |       |       |       |     4 |    12 |     3 ||    19
       Throw Icicle      |       |       |       |       |    53 |    61 ||   114
       Repel Missiles    |       |       |       |       |    10 |    24 ||    34
       Tukima's Dance    |       |       |       |       |       |   156 ||   156
       Simulacrum        |       |       |       |       |       |     2 ||     2
Invok: Receive Corpses   |       |       |       |     6 |     6 |    17 ||    29
 Abil: End Transformatio |     2 |    21 |    52 |   165 |   182 |   126 ||   548
       Bat Form          |     2 |    21 |    52 |   165 |   182 |   126 ||   548
       Evoke Blink       |       |       |       |       |       |     1 ||     1
Evoke: Wand              |       |       |       |    22 |     5 |     2 ||    29
       Sack of spiders   |       |       |       |       |     1 |       ||     1
  Use: Scroll            |     1 |       |       |    16 |    15 |    18 ||    50
       Potion            |       |       |     8 |    25 |    40 |    62 ||   135
 Stab: Sleeping          |       |       |     1 |     7 |     4 |     3 ||    15
       Distracted        |       |       |     1 |     3 |    17 |    22 ||    43
  Eat: Corpse            |     3 |    10 |     7 |    17 |    34 |    43 ||   114
Armor: Leather armour    |    48 |    65 |   128 |    67 |       |       ||   308
       Robe              |       |       |       |   226 |       |       ||   226
       Troll leather arm |       |       |       |    71 |   629 |   761 ||  1461
Dodge: Dodged            |    83 |   141 |   204 |   768 |  1269 |  1369 ||  3834
       Deflected         |       |       |       |       |    28 |    76 ||   104
Block: Buckler           |       |       |       |       |   633 |   797 ||  1430
       Rpst.: Falchion   |    23 |    41 |     3 |    96 |   300 |   249 ||   712
